 Dungeon Crawl Stone Soup version 0.28.0-45-g0d030f2227 (webtiles) character file.

Game seed: 12986250459062586999

5 calli0pe the Skirmisher (level 1, -4/18 HPs)
             Began as a Human Cinder Acolyte on Apr 7, 2022.
             Was a High Priest of Ignis.
             Slain by a kobold
             ... wielding a +0 short sword
              (5 damage)
             ... on level 1 of the Dungeon.
             The game lasted 00:00:59 (205 turns).

calli0pe the Skirmisher (Human Cinder Acolyte)       Turns: 205, Time: 00:01:00

Health: -4/18      AC:  2    Str: 14    XL:     1   Next: 88%
Magic:  2/2        EV: 11    Int: 14    God:    Ignis [*****.]
Gold:   0          SH:  0    Dex:  8    Spells: 2/2 levels left

rFire   + . .      SeeInvis .   a - -1 falchion (flame)
rCold   . . .      Faith    .   (no shield)
rNeg    . . .      Spirit   .   b - +0 robe
rPois   .          Reflect  .   (no helmet)
rElec   .          Harm     .   (no cloak)
rCorr   .          Rampage  .   (no gloves)
Will    .....                   (no boots)
Stlth   +.........              (no amulet)
HPRegen 0.06/turn               (no ring)
MPRegen 0.08/turn               (no ring)

@: no status effects
A: no striking features
a: Renounce Religion, Fiery Armour, Foxfire Swarm, Rising Flame


You were on level 1 of the Dungeon.
You worshipped Ignis.
Ignis was extremely pleased with you.
You visited 1 branch of the dungeon, and saw 1 of its levels.

Inventory:

Hand Weapons
 a - a -1 falchion of flaming (weapon)
Armour
 b - a +0 robe (worn)


   Skills:
 + Level 3.1 Fighting
 + Level 3.1 Long Blades
 + Level 1.0 Spellcasting
 + Level 3.1 Fire Magic


You had 2 spell levels left.
You didn't know any spells.
Your spell library contained the following spells:

 Spells                   Type           Power      Damage    Failure   Level
 Scorch                   Fire           18%        2d5       11%         2


Dungeon Overview and Level Annotations

Branches:
Dungeon (1/15)

Altars:


Message History

There is a faded altar of an unknown god here.
You open the door.
There is an open door here.
Unknown command.
Found a leather armour.
You see here a +0 leather armour.
Welcome back, calli0pe the Human Cinder Acolyte.
The flames of Ignis gently warm you.
Press ? for a list of commands and other information.
A bat comes into view.
A quokka comes into view.
A kobold comes into view. It is wielding a +0 short sword.
The kobold shouts!
The bat hits you but does no damage. The bat hits you but does no damage.
The bat closely misses you.
You hit the quokka. You burn the quokka.
The quokka is almost dead.
The bat hits you but does no damage. The bat hits you.
The quokka twitches its whiskers.
The quokka misses you. The quokka bites you.
You barely miss the quokka.
The quokka is almost dead.
The bat closely misses you. x2
The quokka bites you but does no damage.
You closely miss the quokka.
The quokka is almost dead.
The bat misses you. The bat hits you but does no damage. The bat hits you.
* * * LOW HITPOINT WARNING * * *
The quokka barely misses you.
The kobold hits you with a +0 short sword.
* * * LOW HITPOINT WARNING * * *
You hit the quokka. You burn the quokka.
You kill the quokka!
The bat hits you but does no damage. The kobold barely misses you.
The bat hits you but does no damage. The kobold hits you but does no damage.
The bat completely misses you.
You see here a quokka corpse.
The bat closely misses you.
The kobold hits you with a +0 short sword.
You die...

### ..# #.# #.# .. ###.## #.#
#..@.# #.# ##+## #.#bK# ##.##
####...## #.#..# ##....
#.......## #.#..# #.....
#........###....## #...⌠.
#.8.8.....##.....#########.....
+.#†#.....'...................>
...#.#.....##.....#########.....
#.###.###..####.#.## #...⌠.


You could see a bat and a kobold.

Vanquished Creatures
  An endoplasm (D:1)
  A giant cockroach (D:1)
  A quokka (D:1)
  A frilled lizard (D:1)
  A rat (D:1)
5 creatures vanquished.

Notes
Turn   | Place    | Note
-------+----------+-------------------------------------------
     0 | D:1      | calli0pe the Human Cinder Acolyte began the quest for the
                  | Orb.
     0 | D:1      | Reached XP level 1. HP: 18/18 MP: 2/2
   115 | D:1      | Found a faded altar of an unknown god.
   205 | D:1      | Slain by a kobold

Illustrated notes

Levels and vault maps discovered:
D:1:      wander_arrival_desolate, layout_loops_corners,
          dreamdust_ecumenical_altar_angels_and_demons

Action                   || total
-------------------------++-------
Melee: Falchion          ||    32
Armor: Robe              ||    14
Dodge: Dodged            ||    25
